 Dungeon Crawl Stone Soup version 0.30.1-4-g462c640d31 (webtiles) character file.

Game seed: 371928622228370949

453 Babbit the Chopper (level 6, -3/56 HPs)
             Began as a Minotaur Fighter on Aug 14, 2023.
             Was a Follower of Okawaru.
             Slain by an ogre
             ... wielding a +0 giant club
              (22 damage)
             ... on level 4 of the Dungeon.
             The game lasted 00:09:28 (3015 turns).

Babbit the Chopper (Minotaur Fighter)               Turns: 3015, Time: 00:09:28

Health: -3/56      AC: 17    Str: 29    XL:     6   Next: 75%
Magic:  5/5        EV:  7    Int:  5    God:    Okawaru [*.....]
Gold:   134        SH:  4    Dex:  9    Spells: 5/5 levels left

rFire   . . .        a - +0 war axe
rCold   . . .        c - +0 buckler
rNeg    . . .        j - +0 plate armour
rPois   .            (helmet restricted)
rElec   .            (no cloak)
rCorr   .            (no gloves)
SInv    .            y - +0 pair of boots
Will    .....        (no amulet) Stlth
                     g - +6 ring of strength
HPRegen 0.29/turn    v - +4 ring of protection
MPRegen 0.09/turn

%: no passive effects
@: no status effects
A: horns 2, retaliatory headbutt
a: Renounce Religion, Heroism


You were on level 4 of the Dungeon.
You worshipped Okawaru.
Okawaru was aware of your devotion.
You visited 2 branches of the dungeon, and saw 6 of its levels.

You collected 134 gold pieces.

Inventory:

Hand Weapons
 a - a +0 war axe (weapon)
Missiles
 b - 6 javelins
 q - 6 boomerangs (quivered)
Armour
 c - a +0 buckler (worn)
 j - a +0 plate armour (worn)
 y - a +0 pair of boots (worn)
Jewellery
 g - a +6 ring of strength (left hand)
 m - a ring of fire
 p - a ring of flight
 v - a +4 ring of protection (right hand)
Scrolls
 h - a scroll of enchant armour {unknown}
 i - a scroll of teleportation
 k - a scroll of fog {unknown}
 l - 2 scrolls of blinking {unknown}
 o - 2 scrolls of identify
 s - a scroll of enchant weapon {unknown}
 t - a scroll of amnesia
 x - a scroll of torment {unknown}
Potions
 d - 2 potions of might
 e - a potion of berserk rage
 f - 2 potions of resistance
 n - a potion of degeneration {unknown}
 r - 2 potions of mutation {unknown}
 u - a potion of brilliance {unknown}
 w - a potion of haste {unknown}


   Skills:
 + Level 5.0 Fighting
 + Level 5.7 Axes
 + Level 0.4 Throwing
 + Level 5.5 Armour
 + Level 0.3 Dodging
 + Level 5.1 Shields


You had 5 spell levels left.
You didn't know any spells.
Your spell library contained the following spells:

 Spells                   Type           Power      Damage    Failure   Level
 Beastly Appendage        Tmut           0%         N/A       99%         1
 Sting                    Tmut/Pois      0%         1d3       99%         1
 Blink                    Tloc           0%         N/A       100%        2
 Hailstorm                Conj/Ice       0%         3d3       100%        3
 Inner Flame              Hex/Fire       0%         N/A       100%        3
 Flame Wave               Conj/Fire      0%         2d4       100%        4
 Ice Form                 Ice/Tmut       0%         N/A       100%        4
 Manifold Assault         Tloc           0%         N/A       100%        4
 Sticky Flame             Conj/Fire      0%         2d3       100%        4
 Iron Shot                Conj/Erth      0%         9d1       100%        6
 Storm Form               Tmut/Air       0%         N/A       100%        7
 Simulacrum               Ice/Necr       Unusable   N/A       N/A         6

Dungeon Overview and Level Annotations

Branches:
Dungeon (5/15)             Temple (1/1) D:4

Altars:
Ashenzari
Dithmenos
Nemelex Xobeh
Okawaru
Qazlal
Ru
Sif Muna
Uskayaw
Wu Jian
Yredelemnul

Shops:
D:3 (


Innate Abilities, Weirdness & Mutations

You have a pair of horns on your head.
You reflexively headbutt those who attack you in melee.


Message History

There is an open door here.
Done exploring.
There is a stone staircase leading down here.
You climb downwards.
The ogre shouts!
The shadow imp shouts, "Get thee hence, thou peaked shard-borne dewberry!"
There is a stone staircase leading up here.
Throw: 6 boomerangs
Press: ? - help, Q - select action, (/) - cycle Shift-Dir - straight line, f - ogre
Aim: an ogre, wielding a +0 giant club (72% to hit)
You throw a boomerang. The boomerang hits the ogre.
The ogre is lightly wounded.
Throw: 6 boomerangs
Press: ? - help, Q - select action, (/) - cycle Shift-Dir - straight line, f/p - ogre
Aim: an ogre, wielding a +0 giant club (lightly wounded, 72% to hit)
You throw a boomerang. The boomerang hits the ogre.
The ogre is moderately wounded.
You barely miss the ogre.
The ogre is moderately wounded.
The ogre hits you with a +0 giant club!!
You closely miss the ogre.
You headbutt the ogre, but do no damage.
The ogre is moderately wounded.
You closely miss the shadow imp. The shadow imp barely misses you.
You block the ogre's attack.
A sleepcap comes into view.
The shadow imp hits you.
The shadow imp hits you but does no damage.
The ogre hits you with a +0 giant club!
You climb upwards.
There is a stone staircase leading down here.
You slash the ogre! You headbutt the ogre.
The ogre is severely wounded.
You hit the shadow imp.
The shadow imp hits you but does no damage.
You hit the ogre.
The ogre is almost dead.
You hit the shadow imp.
The ogre hits you with a +0 giant club!!
You die...

...#...........#
########.......
...##..........#
#####....#####
...##..........# #.....####
### ...##..........# #.....#
#.. ...#######.....# #.....#
####'# ####
###...#####.....# #.....
#...##........# #.....
#...#.5##.....# #...).
###..@###.....# #.....
#######.##O.......# #.....
#...#.............# #.....
###.#.#.##.#.#......# #.....
#...#...##.#.#......###.....
#.########.#.#.#...........#
#......†...#.#.#############
############<#..............
#################


You could see an ogre and a shadow imp.

Vanquished Creatures
  A black bear (D:4)
  An ogre (D:4)
  A hound (D:4)
  A sleepcap (D:4)
  Jessica (D:2)
  An iguana (D:4)
  8 gnolls
  4 adders
  3 dart slugs
  An orc (D:4)
  3 endoplasms
  2 giant cockroaches
  4 goblins
  8 hobgoblins
  8 jackals (D:2)
  5 kobolds
  2 quokkas
  2 ball pythons (D:3)
  5 bats
  4 rats
65 creatures vanquished.

Notes
Turn   | Place    | Note
-------+----------+-------------------------------------------
     0 | D:1      | Babbit the Minotaur Fighter began the quest for the Orb.
     0 | D:1      | Reached XP level 1. HP: 19/19 MP: 0/0
   115 | D:1      | Reached XP level 2. HP: 27/27 MP: 1/1
   769 | D:1      | Reached XP level 3. HP: 16/33 MP: 2/2
   946 | D:2      | Noticed Jessica
   951 | D:2      | Killed Jessica
   952 | D:2      | Reached XP level 4. HP: 36/41 MP: 3/3
  1062 | D:2      | Got the Grimoire of Inconstant Spelunking
  1271 | D:2      | Reached XP level 5. HP: 47/47 MP: 4/4
  1453 | D:2      | Found an ornate altar of the Wu Jian Council.
  2090 | D:3      | Found Gippikel's Antique Weapon Shop.
  2273 | D:3      | Found a shadowy altar of Dithmenos.
  2350 | D:4      | Found a staircase to the Ecumenical Temple.
  2363 | D:4      | Reached skill level 5 in Armour
  2383 | Temple   | Entered the Ecumenical Temple
  2397 | Temple   | Became a worshipper of Warmaster Okawaru
  2467 | D:4      | Noticed a black bear
  2474 | D:4      | Killed a black bear
  2475 | D:4      | Reached skill level 5 in Shields
  2475 | D:4      | Reached XP level 6. HP: 53/55 MP: 5/5
  2497 | D:4      | Reached skill level 5 in Axes
  2588 | D:4      | Reached skill level 5 in Fighting
  2841 | D:4      | Reached * piety under Okawaru
  3007 | D:5      | Entered Level 5 of the Dungeon
  3015 | D:4      | Slain by an ogre

Illustrated notes

Levels and vault maps discovered:
D:1:      lemuel_arrival_hallway, layout_basic, chequers_serial_rivers_micro_b,
          chequers_serial_rivers_micro_c
D:2:      layout_loops_ring, basic_altar, uniq_jessica
D:3:      layout_loops_ring, mainiacjoe_overflow_alcove_4, serial_shops, shop
D:4:      layout_basic, minmay_temple_entry_drinking_statues
D:5:      gammafunk_wand_slinger, layout_rooms,
          mainiacjoe_overflow_six_doors_small, st_stairs_3
Temple:   hellmonk_temple_of_storms

Skill      XL: |  1  2  3  4  5  6 |
---------------+-------------------+-----
Shields        | 4 5 |  5.1
Fighting       | 4 5 |  5.0
Axes           | 3 4 5 |  5.7
Armour         | 4 5 |  5.5
Throwing       | |  0.4
Dodging        | |  0.3

Action                     |  1- 3 |  4- 6 || total
---------------------------+-------+-------++-------
  Melee: War axe           |    35 |    95 ||   130
         Headbutt          |     5 |    13 ||    18
  Throw: Boomerang         |       |    12 ||    12
    Use: Scroll            |       |     4 ||     4
 Armour: Scale mail        |    13 |       ||    13
         Plate armour      |    12 |    67 ||    79
  Dodge: Dodged            |    17 |    45 ||    62
  Block: Buckler           |    20 |    24 ||    44
